 Dungeon Crawl Stone Soup version 0.20.2-3-g29329e0561 (webtiles) character file.

347 Alfie the Slasher (level 6, 0/53 HPs)
             Began as a Minotaur Fighter on Dec 11, 2020.
             Slain by Menkaure (14 damage)
             ... on level 4 of the Dungeon.
             The game lasted 00:05:06 (2397 turns).

Alfie the Slasher (Minotaur Fighter)                Turns: 2397, Time: 00:05:08

Health: 0/53       AC:  8    Str: 23    XL:     6   Next: 32%
Magic:  5/5        EV:  8    Int:  5    God:
Gold:   140        SH: 10    Dex:  9    Spells: 5/5 levels left

rFire    . . .     SeeInvis .   a - +0 long sword
rCold    . . .     Gourm    .   c - +0 shield
rNeg     . . .     Faith    .   b - +1 scale mail
rPois    .         Spirit   .   (helmet restricted)
rElec    .         Reflect  .   (no cloak)
rCorr    .         Harm     .   (no gloves)
MR       .....                  (no boots)
Stlth    ..........             (no amulet)
Regen    0.2/turn               (no ring)
MPRegen  0.1/turn               (no ring)

@: very slightly contaminated
A: retaliatory headbutt, horns 2
a: no special abilities


You were on level 4 of the Dungeon.
You were not hungry.

You visited 1 branch of the dungeon, and saw 4 of its levels.

You collected 140 gold pieces.

Inventory:

Hand Weapons
 a - a +0 long sword (weapon)
Missiles
 q - 3 silver tomahawks (quivered)
 v - 2 tomahawks
Armour
 b - a +1 scale mail (worn)
 c - a +0 shield (worn)
Jewellery
 z - an uncursed amulet of the gourmand
Scrolls
 g - 2 scrolls of remove curse
 j - 2 scrolls of teleportation
 n - 4 scrolls of identify
Potions
 d - a potion of might
 e - 2 potions of mutation {unknown}
 h - 5 potions of heal wounds {unknown}
 i - a potion of magic {unknown}
 l - a potion of ambrosia {unknown}
 o - a potion of haste {unknown}
 p - a potion of curing {unknown}
 t - a potion of agility {unknown}
 w - 2 potions of invisibility {unknown}
 A - a potion of cancellation {unknown}
Comestibles
 f - 4 bread rations
 k - a meat ration


   Skills:
 + Level 4.5 Fighting
 + Level 5.2 Long Blades
 + Level 5.1 Armour
 + Level 1.4 Dodging
 + Level 0.3 Stealth
 + Level 5.0 Shields


You had 5 spell levels left.
You didn't know any spells.

Dungeon Overview and Level Annotations

Branches:
Dungeon (4/15)
 Temple: D:4-7

Altars:

Annotations:
D:4 Menkaure


Innate Abilities, Weirdness & Mutations

You reflexively headbutt those who attack you in melee.
You have a pair of horns on your head.


Message History

As you read the scroll labeled JAPOSI RA YSHO, it crumbles to dust.
You feel aware of your surroundings.
You sensed 1 altar.
It was a scroll of magic mapping.
Menkaure, Prince of Dust comes into view.
Menkaure shouts!
Menkaure calls on the powers of darkness!
Your body is wracked with pain!
Menkaure hits you.
You slash Menkaure!
Menkaure is moderately damaged.
Menkaure rustles in an indecipherable tongue.
Menkaure hits you!
Your shield prevents you from hitting Menkaure.
Menkaure is moderately damaged.
Menkaure hits you.
* * * LOW HITPOINT WARNING * * *
You hit Menkaure.
Menkaure is heavily damaged.
Menkaure hits you!
You die...

****,,* **,,,,,,,**
*,,,,,****,,,,,,,,,**
*,,,,,,,,+,,,,,,,,,+,
*,*,,,****,,,,,,,,,**
*,**,** **,,,,,,,**
*,**** **,,,,,** *,*
**,,,** * #.######
*#+#* * #..M@..# #.#
* ######.# #.# *
#####.#######†## *
#.........##...## *
#.###.##........# **
*<* #.#........## *,
*,* #.......#.##***,
*,**###.........,,,,
*,,,,,.....##.##***,


You could see Menkaure.

Vanquished Creatures
  The ghost of Alfie the Shield-Bearer, an amateur MiFi (D:3)
  2 hounds (D:3)
  2 worker ants
  A hound skeleton (D:4)
  A gnoll (D:3)
  5 adders
  A worm (D:2)
  3 dart slugs
  2 leopard geckos
  7 orcs (D:3)
  4 bats
  3 giant cockroaches
  8 goblins
  6 hobgoblins
  9 kobolds
  2 quokkas
  2 ball pythons
  5 frilled lizards
  9 rats
73 creatures vanquished.

Notes
Turn   | Place    | Note
-------+----------+-------------------------------------------
     0 | D:1      | Alfie the Minotaur Fighter began the quest for the Orb.
     0 | D:1      | Reached XP level 1. HP: 19/19 MP: 0/0
   296 | D:1      | Reached XP level 2. HP: 24/27 MP: 1/1
  1160 | D:2      | Reached XP level 3. HP: 30/33 MP: 2/2
  1344 | D:2      | Reached XP level 4. HP: 28/40 MP: 3/3
  1946 | D:3      | Noticed Alfie's ghost (amateur MiFi)
  1953 | D:3      | Killed Alfie's ghost
  1953 | D:3      | Reached skill level 1 in Dodging
  1953 | D:3      | Reached XP level 5. HP: 41/47 MP: 4/4
  2054 | D:3      | Reached skill level 5 in Shields
  2217 | D:3      | Reached XP level 6. HP: 42/53 MP: 5/5
  2219 | D:3      | Reached skill level 5 in Long Blades
  2219 | D:3      | Reached skill level 5 in Armour
  2391 | D:4      | Noticed Menkaure
  2397 | D:4      | Slain by Menkaure

Skill      XL: |  1  2  3  4  5  6 |
---------------+-------------------+-----
Shields        | 4 5 |  5.0
Fighting       | 4 |  4.5
Armour         | 4 5 |  5.1
Long Blades    | 3 4 5 |  5.2
Dodging        | 1 |  1.4
Stealth        | |  0.3

Action                   |  1- 3 |  4- 6 || total
-------------------------+-------+-------++-------
Melee: Long sword        |    93 |    92 ||   185
       Headbutt          |    17 |    17 ||    34
  Use: Potion            |       |     1 ||     1
       Scroll            |       |     9 ||     9
  Eat: Bread ration      |     1 |       ||     1
       Royal jelly       |       |     1 ||     1
Armor: Scale mail        |    44 |    42 ||    86
Dodge: Dodged            |    27 |    35 ||    62
Block: Shield            |    47 |    43 ||    90
       Rpst.: Long sword |    10 |     7 ||    17
